 Dungeon Crawl Stone Soup version 0.18.1-47-g9310371 (webtiles) character file.

129 mindo the Shield-Bearer (level 4, -5/41 HPs)
             Began as a Minotaur Fighter on June 18, 2016.
             Killed from afar by an orc wizard (7 damage)
             ... with a magic dart
             ... on level 3 of the Dungeon.
             The game lasted 00:08:48 (1796 turns).

mindo the Shield-Bearer (Minotaur Fighter)          Turns: 1796, Time: 00:08:48

Health: -5/41      AC:  8    Str: 26    XL:     4   Next: 88%
Magic:  3/3        EV: 13    Int:  5    God:
Gold:   170        SH: 10    Dex: 15    Spells: 0 memorised, 3 levels left

rFire  . . .     SeeInvis .     a - +0 long sword
rCold  . . .     Gourm    .     b - +0 scale mail
rNeg   . . .     Faith    .     c - +0 shield
rPois  .         Spirit   .     (helmet restricted)
rElec  .         Dismiss  .     h - +0 cloak
rCorr  .         Reflect  .     (no gloves)
SustAt .         Harm     .     (no boots)
MR     .....                    (no amulet)
Stlth  +.........               (no ring)
                                (no ring)

@: mighty, agile, slowed, very slow, not resistant to hostile enchantments, very
unstealthy
A: retaliatory headbutt, horns 2
a: no special abilities


You were on level 3 of the Dungeon.
You were not hungry.

You visited 1 branch of the dungeon, and saw 3 of its levels.

You collected 170 gold pieces.

Inventory:

Hand Weapons
 a - a +0 long sword (weapon)
Armour
 b - a +0 scale mail (worn)
 c - a +0 shield (worn)
 h - a +0 cloak (worn)
Jewellery
 n - an uncursed ring of resist corrosion {unknown}
 u - an uncursed ring of protection from fire {unknown}
Scrolls
 i - a scroll of immolation {unknown}
 j - 3 scrolls of identify {unknown}
 l - a scroll of amnesia {unknown}
 m - a scroll of fog {unknown}
 o - a scroll of enchant armour {unknown}
 r - a scroll of fear {unknown}
 s - 3 scrolls of noise {unknown}
Potions
 d - a potion of might
 e - 2 potions of curing {unknown}
 f - a potion of agility
 k - 2 potions of heal wounds {unknown}
 p - a potion of beneficial mutation {unknown}
 q - a potion of berserk rage {unknown}
 t - 2 potions of lignification {unknown}
Comestibles
 g - 3 meat rations


   Skills:
 + Level 4.4 Fighting
 + Level 3.2 Long Blades
 + Level 4.5 Armour
 + Level 1.3 Dodging
 + Level 0.3 Stealth
 + Level 4.6 Shields


You had 3 spell levels left.
You didn't know any spells.

Dungeon Overview and Level Annotations

Branches:
Dungeon (3/15)

Altars:
Gozag

Annotations:
D:3 juanjsm's ghost, amateur OpTm


Innate Abilities, Weirdness & Mutations

You reflexively headbutt those who attack you in melee.
You have a pair of horns on your head.


Message History

The orc wizard blinks!
The orc hits you with a vampiric short sword.
* * * LOW HITPOINT WARNING * * *
The orc draws strength from your injuries!
Juanjsm's ghost hits you but does no damage.
You block the orc's attack. You block juanjsm's ghost's attack.
You feel agile all of a sudden. The orc closely misses you.
The orc wizard casts a spell.
The orc wizard blinks!
Juanjsm's ghost laughs crazily.
Juanjsm's ghost hits you but does no damage.
You block the orc's attack.
You closely miss juanjsm's ghost.
Juanjsm's ghost is moderately damaged.
Juanjsm's ghost completely misses you. You furiously retaliate!
You headbutt juanjsm's ghost! You block the orc's attack.
The orc wizard gestures at you while chanting.
The magic dart hits you!
You die...

......#..........##
##....#...........#
##....#...........#
##....#..†........#
.................#
...........#......# ..
.........#......#......#
....
#####+#..#....o)#......#
.... #..#....@W#......#
.#.... ...#......'§.....#
......
...#......#......#+#.....
#......#.o........<...
####)..............#..
.......
#..............>#..
.......
##..........#....#.#
.....###
#......######......#
.......# ####.####.####
#......#


You could see an orc wizard, juanjsm's ghost and an orc.

Vanquished Creatures
  Ijyb (D:3)
  3 adders (D:2)
  2 worms
  3 dart slugs
  2 giant geckos
  3 orcs (D:3)
  4 bats
  A giant cockroach (D:1)
  8 goblins
  9 hobgoblins
  9 jackals (D:2)
  5 kobolds
  3 quokkas
  5 rats
58 creatures vanquished.

Notes
Turn   | Place    | Note
--------------------------------------------------------------
     0 | D:1      | mindo the Minotaur Fighter began the quest for the Orb.
     0 | D:1      | Reached XP level 1. HP: 19/19 MP: 0/0
   129 | D:1      | Reached XP level 2. HP: 26/27 MP: 1/1
   571 | D:2      | Reached XP level 3. HP: 28/33 MP: 2/2
  1139 | D:2      | Reached XP level 4. HP: 37/41 MP: 3/3
  1353 | D:2      | Reached skill level 1 in Dodging
  1599 | D:3      | Found an opulent altar of Gozag.
  1640 | D:3      | Noticed Ijyb
  1647 | D:3      | Killed Ijyb
  1781 | D:3      | Noticed juanjsm's ghost (amateur OpTm)
  1794 | D:3      | HP: 2/41 [orc/vampiric short sword (2)]
  1796 | D:3      | Killed from afar by an orc wizard

Skill      XL: |  1  2  3  4 |
---------------+-------------+-----
Fighting       | 4 |  4.4
Armour         | 4 |  4.5
Shields        | 4 |  4.6
Dodging        | 1 |  1.3
Long Blades    | 3 |  3.2
Stealth        | |  0.3

Action                   |  1- 3 |  4- 6 || total
-------------------------+-------+-------++-------
Melee: Long sword        |    89 |    44 ||   133
       Headbutt          |    12 |     5 ||    17
  Use: Potion            |       |     2 ||     2
  Eat: Bread ration      |       |     1 ||     1
Armor: Scale mail        |    48 |    29 ||    77
Dodge: Dodged            |    35 |    27 ||    62
Block: Shield            |    56 |    41 ||    97
